General information
- name: BNet
- type: Ladder 1vs1/FFA
- host: Battle.net
- saver: nub-dub
map: MeltingValley
- players: 2
- length: 18:06
- speed: Fast
- version: 1.24 W3XP
- replay type: Public
» download(53 KB)
Players
team 1 (loser)
XiN- (
green | 80 APM | 1438 actions | 18:04)
3 Archmage
2 Summon Water Elemental
1 Brilliance Aura
2 Mountain King
1 Storm Bolt
1 Thunder Clap
» actions
| Assign group hotkey | 48 | |
| Basic commands | 57 | |
| Build / train | 62 | |
| ESC pressed | 9 | |
| Enter build submenu | 30 | |
| Enter hero's abilities submenu | 5 | |
| Right click | 586 | |
| Select / deselect | 332 | |
| Select group hotkey | 242 | |
| Use ability | 67 | |
1438 total
» units
| Peasant | 18 | |
| Footman | 8 | |
| Sorceress | 3 | |
| Spell Breaker | 1 | |
| Rifleman | 3 | |
| Forest Troll Shadow Priest | 1 | |
| Forest Troll Berserker | 2 | |
| Ogre Mauler | 1 | |
| Mud Golem | 1 | |
| Gryphon Rider | 2 | |
| Priest | 1 | |
41 total
» upgrades
| Lumber Harvesting | 1 | |
| Masonry | 1 | |
| Backpack | 1 | |
3 total
» buildings
| Altar of Kings | 1 | |
| Farm | 7 | |
| Barracks | 1 | |
| Lumber Mill | 1 | |
| Scout Tower | 10 | |
| Keep | 1 | |
| Arcane Vault | 1 | |
| Guard Tower | 7 | |
| Town Hall | 2 | |
| Arcane Sanctum | 1 | |
| Blacksmith | 1 | |
| Workshop | 2 | |
| Castle | 1 | |
| Gryphon Aviary | 1 | |
| Cannon Tower | 1 | |
38 total
» build order
00:10 Altar of Kings
00:24 Farm
00:26 Barracks
00:51 Farm
01:39 Lumber Mill
02:37 Farm
02:39 Scout Tower
03:45 Keep
03:49 Scout Tower
04:07 Farm
04:16 Arcane Vault
04:17 Guard Tower
04:44 Farm
05:48 Town Hall
05:51 Scout Tower
05:53 Scout Tower
05:56 Scout Tower
06:00 Scout Tower
06:21 Guard Tower
06:23 Guard Tower
06:28 Guard Tower
06:43 Guard Tower
07:50 Arcane Sanctum
08:00 Blacksmith
09:29 Workshop
11:53 Farm
12:34 Workshop
13:11 Scout Tower
13:13 Scout Tower
13:17 Scout Tower
13:21 Scout Tower
13:26 Town Hall
13:37 Castle
13:39 Farm
13:44 Gryphon Aviary
13:56 Guard Tower
14:25 Cannon Tower
14:28 Guard Tower
team 2 (winner)
nub-dub (
blue | 43 APM | 781 actions | 18:06)
5 Demon Hunter
3 Mana Burn
2 Evasion
4 Firelord
2 Soul Burn
2 Summon Lava Spawn
» actions
| Assign group hotkey | 35 | |
| Basic commands | 4 | |
| Build / train | 56 | |
| ESC pressed | 1 | |
| Enter build submenu | 14 | |
| Enter hero's abilities submenu | 9 | |
| Remove unit from queue | 1 | |
| Right click | 301 | |
| Select / deselect | 257 | |
| Select group hotkey | 47 | |
| Use ability | 56 | |
781 total
» units
| Wisp | 13 | |
| Huntress | 9 | |
| Dryad | 8 | |
| Druid of the Claw | 4 | |
34 total
» upgrades
| Strength of the Moon | 1 | |
| Abolish Magic | 1 | |
| Druid of the Claw Training | 2 | |
| Strength of the Wild | 1 | |
| Mark of the Claw | 1 | |
6 total
» buildings
| Altar of Elders | 1 | |
| Moon Well | 6 | |
| Hunter's Hall | 1 | |
| Ancient of War | 1 | |
| Tree of Ages | 1 | |
| Ancient of Lore | 2 | |
| Tree of Eternity | 1 | |
| Tree of Life | 1 | |
14 total
» build order
00:03 Altar of Elders
00:07 Moon Well
01:43 Hunter's Hall
01:48 Moon Well
02:14 Ancient of War
03:06 Tree of Ages
04:05 Moon Well
05:54 Ancient of Lore
05:57 Moon Well
06:08 Ancient of Lore
06:49 Tree of Eternity
07:49 Moon Well
09:50 Moon Well
14:20 Tree of Life
» items
| Scroll of Healing | 1 | |
| Potion of Lesser Invulnerability | 1 | |
2 total
Chat log
(00:31 / All) XiN-: hi
(00:42 / All) nub-dub: gl
(00:44 / All) XiN-: hf